AoeStats
← elecfan

Arabia

509894086Analyzed
1v1 RM · 4d ago on Sep 28, 2026· 31m 5s· 2 players
Game mode
Random Map
Map size
Tiny (2 player)
Population
200
Speed
Normal
Resources
Standard
Victory
Conquest
Starting age
Dark Age
Ending age
Imperial Age
RankedLock teamsTeams togetherTeam positionsShared explorationLock speedFull tech treeHidden civsTurbo modeCheats
Victory
Defeat
🇷🇺 Armenians · Russia
1142
+18
🇹🇼 Vietnamese · Taiwan
1175
-18
spec911
5:47 Loom
11:09 Feudal Age
11:15 Man-at-Arms
15:28 Double-Bit Axe
18:36 Long Swordsman
19:20 Scale Mail Armor
21:46 Castle Age
20:00 Forging
20:12 Gold Mining
20:56 Arson
21:12 Horse Collar
21:53 Two-Handed Swordsman
22:53 Squires
23:16 Gambesons
24:52 Bow Saw
26:22 Chain Mail Armor
elecfan
6:00 Loom
9:17 Feudal Age
9:52 Double-Bit Axe
18:34 Wheelbarrow
22:12 Castle Age
21:59 Gold Mining
21:51 Horse Collar
23:08 Hand Cart
23:21 Bow Saw
23:12 Heavy Plow
23:11 Crossbowman
26:27 Town Watch
Connection lost

Rejoining the realm…

Still unreachable

The connection could not be restored.

Session expired

The server has moved on; the page needs a fresh start.